 Dungeon Crawl Stone Soup version 0.30-a0-137-gd8773701ce (webtiles) character file.

Game seed: 629094027233324249

65230 zishaf the Impassioned (level 15, -1/87 HPs)
             Began as a Vine Stalker Brigand on Sept 23, 2022.
             Was a Priest of Uskayaw.
             Succumbed to a swamp dragon's poison gas
             ... on level 5 of the Lair of Beasts.
             The game lasted 00:41:04 (14180 turns).

zishaf the Impassioned (Vine Stalker Brigand)      Turns: 14180, Time: 00:41:05

Health: -1/87      AC: 28    Str: 16    XL:     15   Next: 15%
Magic:  15/28      EV: 14    Int: 10    God:    Uskayaw [***...]
Gold:   1372       SH:  6    Dex: 24    Spells: 14/14 levels left

rFire   + . .      SeeInvis .    U - +2 rapier (speed)
rCold   . . .      Faith    .    j - +0 buckler
rNeg    . . .      Spirit   +    K - +4 ring mail of Hubris {rF+ Slay+2}
rPois   .          Reflect  .    I - +0 helmet
rElec   .          Harm     .    c - +1 cloak
rCorr   .          Rampage  ∞    Z - +1 pair of gloves
Will    +....                    V - +3 pair of seven-league boots {Rampage+∞}
Stlth   ++++......               m - amulet of regeneration
HPRegen 1.84/turn                y - +4 ring of protection
MPRegen 0.21/turn                B - +4 ring of protection

@: lethally poisoned (-1 -> -6)
A: fangs 3, regeneration 1, magic shield, antimagic bite, no potion heal 2,
hooves 2, agile 1
a: Renounce Religion, Stomp, Line Pass


You were on level 5 of the Lair of Beasts.
You worshipped Uskayaw.
Uskayaw was most pleased with you.
You visited 3 branches of the dungeon, and saw 17 of its levels.
You visited the Abyss 1 time.
You also visited: Bailey, Gauntlet and Volcano.

You collected 1372 gold pieces.

Inventory:

Hand Weapons
 a - a +3 dagger of protection
 b - a +2 dagger of venom
 U - a +2 rapier of speed (weapon)
Missiles
 d - 30 poisoned darts (quivered)
 e - 7 curare-tipped darts
 i - 6 boomerangs
 r - 4 throwing nets
 z - 8 javelins
 Q - 7 silver javelins
Armour
 c - a +1 cloak (worn)
 j - a +0 buckler (worn)
 p - the +1 pair of boots of Pumomme {rN+}
   (You found it on level 2 of the Dungeon)

   rN:        It protects you from negative energy.
 u - the +7 Kryia's mail coat {PotionHeal*2 rC+}
   (You found it on level 6 of the Dungeon)

   Potions are twice as effective at healing its wearer.
   rC:        It protects you from cold.
 x - the +1 leather armour "Xopemit" {rN+ Str+3 SInv}
   (You found it on level 3 of the Dungeon)

   Str:       It affects your strength (+3).
   rN:        It protects you from negative energy.
   SInv:      It lets you see invisible.
 H - a scarf of invisibility
 I - a +0 helmet (worn)
 K - the +4 ring mail of Hubris (worn) {rF+ Slay+2}
   (You found it on level 9 of the Dungeon)

   Slay:      It affects your accuracy & damage with ranged weapons and melee
   (+2).
   rF:        It protects you from fire.
 V - the +3 pair of seven-league boots (worn) {Rampage+∞}
   (You found it in a Gauntlet)

   Its wearer moves as far as possible in that direction when moving towards
   enemies.
 W - the +2 pair of gloves of Vena {+Inv rElec rC- Str-5}
   (You found it in a Gauntlet)

   Str:       It affects your strength (-5).
   rC:        It makes you vulnerable to cold.
   rElec:     It insulates you from electricity.
   +Inv:      It lets you turn invisible.
 Z - a +1 pair of gloves (worn)
Jewellery
 m - an amulet of regeneration (around neck)
 y - a +4 ring of protection (left hand)
 B - a +4 ring of protection (right hand)
 Y - a ring of fire
Wands
 o - a wand of polymorph (6)
 G - a wand of flame (3)
 M - a wand of roots (5)
 N - a wand of mindburst (7)
 S - a wand of charming (11)
Scrolls
 f - 3 scrolls of enchant armour
 h - 7 scrolls of teleportation
 l - 3 scrolls of poison
 n - 4 scrolls of immolation
 E - 2 scrolls of enchant weapon
 F - 7 scrolls of fog
 P - a scroll of brand weapon
 X - a scroll of identify
Potions
 g - 5 potions of resistance
 k - 2 potions of ambrosia
 q - a potion of mutation
 s - 5 potions of flight
 t - 3 potions of attraction
 v - 3 potions of might
 w - a potion of magic
 A - 2 potions of lignification
 C - 6 potions of curing
 D - 3 potions of brilliance
 L - a potion of berserk rage
 R - 3 potions of haste
 T - 2 potions of cancellation
Miscellaneous
 J - a phantom mirror


   Skills:
 + Level 13.8 Fighting
 - Level 8.0 Short Blades
 - Level 5.0 Throwing
 - Level 5.0 Armour
 - Level 5.0 Dodging
 - Level 10.0 Stealth
 - Level 5.0 Shields
 * Level 16.3 Invocations
 - Level 5.0 Evocations


You had 14 spell levels left.
You didn't know any spells.
Your spell library contained the following spells:

 Spells                   Type           Power      Damage    Failure   Level
 Apportation              Tloc           0%         N/A       65%         1
 Slow                     Hex            0%         N/A       65%         1
 Blink                    Tloc           0%         N/A       78%         2
 Static Discharge         Conj/Air       0%         2-2/arc   78%         2
 Confusing Touch          Hex            0%         N/A       95%         3
 Dazzling Flash           Conj/Hex       0%         N/A       95%         3
 Gell's Gravitas          Tloc           0%         N/A       95%         3
 Lesser Beckoning         Tloc           0%         N/A       95%         3
 Stone Arrow              Conj/Erth      0%         3d7       95%         3
 Teleport Other           Tloc           0%         N/A       95%         3
 Vampiric Draining        Necr           0%         2d6       95%         3
 Anguish                  Hex/Necr       0%         N/A       100%        4
 Animate Armour           Summ/Erth      0%         N/A       100%        4
 Dispel Undead            Necr           0%         3d6       100%        4
 Manifold Assault         Tloc           0%         N/A       100%        4
 Olgreb's Toxic Radiance  Pois           0%         N/A       100%        4
 Petrify                  Tmut/Erth      0%         N/A       100%        4
 Sticky Flame             Conj/Fire      0%         2d3       100%        4
 Agony                    Necr           0%         N/A       100%        5
 Fireball                 Conj/Fire      0%         3d3       100%        5
 Metabolic Englaciation   Hex/Ice        0%         N/A       100%        5
 Silence                  Hex/Air        0%         N/A       100%        5
 Summon Mana Viper        Hex/Summ       0%         N/A       100%        5
 Starburst                Conj/Fire      0%         6d3       100%        6
 Statue Form              Tmut/Erth      0%         N/A       100%        6
 Malign Gateway           Summ/Tloc      0%         N/A       100%        7
 Ozocubu's Refrigeration  Ice            0%         4d7       100%        7
 Ignition                 Fire           0%         3d3       100%        8
 Lehudib's Crystal Spear  Conj/Erth      0%         10d2      100%        8


Dungeon Overview and Level Annotations

Branches:
Dungeon (11/15)            Temple (1/1) D:4            Lair (5/5) D:9
 Shoals (0/4) Lair:3       Spider (0/4) Lair:2        Slime (0/5) Lair:5
 Bailey (visited)         Volcano (visited)         Gauntlet (visited)
    Orc: D:9-12

Altars:
Ashenzari
Cheibriados
Dithmenos
Gozag
Kikubaaqudgha
Makhleb
Nemelex Xobeh
Qazlal
Sif Muna
Trog
Uskayaw
Vehumet
Wu Jian
Xom
Yredelemnul
Zin
The Shining One

Shops:
D:4 :

Portals:
Abyss: Lair:4

Annotations:
Lair:1 2 transporters, Dasearox's ghost, journeyman DsFE
Lair:4 2 transporters, HilariousDeathArtist's ghost, journeyman DjTm


Innate Abilities, Weirdness & Mutations

You have razor-sharp teeth.
Your natural rate of healing is unusually fast.
When hurt, damage is shared between your health and your magic reserves.
Your bite disrupts and absorbs the magic of your enemies.
Potions cannot restore your health.
You have hoof-like feet.
You are agile. (Dex +4, Str/Int -1)


Message History

You puncture the swamp dragon! You bite the swamp dragon! You drain its power.
You feel invigorated.
The swamp dragon is heavily wounded.
You are engulfed in poison gas.
You are more poisoned.
You feel extremely sick. You block the fire dragon's attack.
The fire dragon barely misses you. The fire dragon misses you.
The swamp dragon bites you but does no damage.
You block the swamp dragon's attack. The swamp dragon tramples you.
You hold your ground!
You hit the swamp dragon. You bite the swamp dragon. You drain its power.
You feel invigorated.
The swamp dragon is severely wounded.
You are engulfed in poison gas.
You are more poisoned.
* * * LOW HITPOINT WARNING * * *
You feel extremely sick.
Uskayaw will force your foes to helplessly watch your dance.
Uskayaw prepares the audience for your solo!
The helpless fire dragon fails to defend itself.
You skewer the fire dragon like a kebab!!!!
You bite the fire dragon, but do no damage.
The fire dragon is almost dead.
You are engulfed in poison gas.
You are more poisoned.
* * * LOW HITPOINT WARNING * * *
x2 You feel extremely sick.
The helpless fire dragon fails to defend itself.
You perforate the fire dragon like a sieve!!!!
You kill the fire dragon!
You are engulfed in poison gas.
You are more poisoned.
* * * LOW HITPOINT WARNING * * *
x2 You feel extremely sick.
Okay, then.
Your system rejects the healing.
You feel better.
You are engulfed in poison gas.
You are lethally poisoned!
You die...

♣≈.~. ♣..♣~.♣♣
♣.≈≈≈.. ♣~≈♣. ♣≈†~.♣
♣~≈≈≈≈.♣ ♣~≈. ♣♣~..♣♣
♣~≈k.~~. ♣P~≈♣♣~~♣.P♣
♣~≈≈≈~P♣♣♣♣..≈≈~♣♣.♣♣
♣.~≈≈~.$.(♣♣....P.P♣
♣.~≈≈~.$[♣♣♣~.P...♣
♣.~≈≈D°[..♣♣~≈.♣.♣♣
♣♣♣.~~°@°$♣♣♣≈...♣♣
♣...≈~°$°[♣♣..≈..♣
♣..~≈..P♣♣♣~~†..♣♣
♣♣♣.~≈.~♣♣.~P..♣♣
♣..~.♣♣~~..♣♣♣
♣♣.P~≈≈≈~.♣♣
♣♣...≈...♣ ♣♣..~~♣♣♣
♣♣♣♣♣♣


You could see a swamp dragon (paralysed) and a rime drake (paralysed).

Vanquished Creatures
  An orc warlord (Bailey)
  A minotaur (Gauntlet)
  A blizzard demon (Gauntlet)
  2 fire dragons
  Erolcha (D:11)
  Harold (D:10)
  4 hydras
  A catoblepas (Gauntlet)
  A boulder beetle (D:11)
  6 death yaks
  A two-headed ogre (D:9)
  Sonja (Lair:1)
  2 fire crabs
  3 skeletal warriors (D:11)
  A lindwurm (Volcano)
  A wolf spider zombie (D:11)
  Pikel (D:6)
  A wolf spider (Lair:2)
  An ugly thing (D:8)
  2 manticores (D:11)
  6 elephants (Lair:5)
  9 cane toads
  A centaur zombie (D:11)
  The ghost of EyeSee2020 the Chopper, a novice MiFi (D:7)
  3 black mambas
  A gargoyle (Gauntlet)
  A torpor snail (Lair:5)
  5 komodo dragons
  9 rime drakes
  2 centaur skeletons (D:11)
  A redback zombie (D:11)
  An unseen horror (D:11)
  2 hellwings (D:11)
  An ice devil (Gauntlet)
  2 polar bears (Lair:5)
  6 blink frogs
  A hornet (D:5)
  6 slime creatures
  A snapping turtle (Lair:3)
  5 dream sheep (Lair:5)
  3 wraiths
  2 jumping spiders (Lair:2)
  3 shadows
  10 wyverns
  44 yaks
  Grum (D:9)
  6 fire bats
  7 basilisks
  5 steam dragons
  Menkaure (D:4)
  4 vampire mosquitoes (D:11)
  4 hell hounds
  7 water moccasins
  3 swamp drakes (Lair:5)
  11 orc warriors
  2 sky beasts
  3 ice beasts
  4 black bears
  A hornet zombie (D:11)
  An ogre (D:4)
  31 wolves
  3 centaurs
  3 kobold brigands
  7 bullfrogs
  A gnoll sergeant (D:4)
  A scorpion (D:6)
  17 killer bees
  3 vampire bats (D:4)
  3 electric eels (Lair:3)
  5 jellies
  6 hounds
  5 orc priests
  3 gnoll boudas
  6 iguanas
  6 orc wizards
  4 hell rats (Lair:5)
  10 adders
  36 gnolls
  4 shadow imps (D:11)
  A white imp (Gauntlet)
  3 ufetubi
  6 worms
  4 dart slugs
  44 orcs
  4 ball pythons
  6 bats
  5 bat skeletons (D:4)
  2 endoplasms
  5 giant cockroaches
  10 hobgoblins
  A quokka (D:4)
  4 frilled lizards
  14 goblins
  11 kobolds
  2 rats
495 creatures vanquished.

Vanquished Creatures (collateral kills)
  A hydra (Lair:5)
  A gnoll (Bailey)
  A goblin (Bailey)
3 creatures vanquished.

Vanquished Creatures (others)
  A kobold (D:9)
  7 fungi
  9 plants
  A withered plant (D:11)
18 creatures vanquished.

Grand Total: 516 creatures vanquished

Notes
Turn   | Place    | Note
-------+----------+-------------------------------------------
     0 | D:1      | zishaf the Vine Stalker Brigand began the quest for the
                  | Orb.
     0 | D:1      | Reached XP level 1. HP: 11/11 MP: 2/2
     6 | D:1      | Noticed an iguana
     6 | D:1      | Noticed a hound
     6 | D:1      | Noticed a salamander
     7 | D:1      | Noticed a polar bear
     7 | D:1      | Noticed a wyvern
   323 | D:1      | Reached skill level 1 in Dodging
   323 | D:1      | Reached XP level 2. HP: 13/15 MP: 1/3
   498 | D:1      | Reached skill level 5 in Stealth
   942 | D:2      | Reached XP level 3. HP: 4/18 MP: 2/4
  1168 | D:2      | Noticed a golden eye
  1170 | D:2      | Found a faded altar of an unknown god.
  1172 | D:2      | Noticed an eye of devastation
  1179 | D:2      | Noticed a great orb of eyes
  1179 | D:2      | Noticed a floating eye
  1348 | D:2      | Identified the +1 pair of boots of Pumomme {rN+}
  2264 | D:3      | Gained mutation: Your natural rate of healing is unusually
                  | fast. [Vine Stalker growth]
  2264 | D:3      | Reached XP level 4. HP: 23/23 MP: 5/5
  2451 | D:3      | Identified the +1 leather armour "Xopemit" {rN+ Str+3 SInv}
  2558 | D:3      | Reached XP level 5. HP: 15/28 MP: 6/6
  2920 | D:4      | Found Metsox's Book Boutique.
  2927 | D:4      | Found a staircase to the Ecumenical Temple.
  2939 | Temple   | Entered the Ecumenical Temple
  2948 | Temple   | Became a worshipper of Uskayaw the Reveller
  2962 | D:4      | Noticed an ogre
  2969 | D:4      | Reached * piety under Uskayaw
  2972 | D:4      | Reached ** piety under Uskayaw
  2974 | D:4      | HP: 1/28 [ogre/+0 giant club (12)]
  2978 | D:4      | Killed an ogre
  2979 | D:4      | Reached skill level 1 in Invocations
  2979 | D:4      | Reached XP level 6. HP: 5/32 MP: 0/7
  3175 | D:4      | Found a shimmering altar of Xom.
  3185 | D:4      | Noticed Menkaure
  3204 | D:4      | Killed Menkaure
  3204 | D:4      | Reached *** piety under Uskayaw
  3205 | D:4      | Reached skill level 2 in Invocations
  3205 | D:4      | Reached XP level 7. HP: 24/37 MP: 6/9
  3305 | D:4      | Reached **** piety under Uskayaw
  3308 | D:4      | Reached ***** piety under Uskayaw
  3606 | D:4      | Reached skill level 3 in Invocations
  3660 | D:4      | Found an ancient bone altar of Kikubaaqudgha.
  3760 | D:5      | Entered Level 5 of the Dungeon
  3917 | D:5      | Identified a scroll of acquirement
  3917 | D:5      | Acquired a manual of Fighting
  3962 | D:4      | Gained mutation: You have razor-sharp teeth. [Vine Stalker
                  | growth]
  3962 | D:4      | Reached XP level 8. HP: 25/42 MP: 7/11
  4005 | D:5      | Reached skill level 4 in Invocations
  4169 | D:5      | Noticed a wraith
  4169 | D:5      | Noticed a hornet
  4182 | D:5      | Killed a hornet
  4183 | D:5      | Reached skill level 5 in Fighting
  4183 | D:5      | Reached skill level 1 in Shields
  4189 | D:5      | Killed a wraith
  4190 | D:5      | Reached skill level 5 in Invocations
  4506 | D:5      | Found an ornate altar of the Wu Jian Council.
  4531 | D:5      | Reached skill level 5 in Short Blades
  4531 | D:5      | Reached XP level 9. HP: 47/47 MP: 14/14
  4638 | D:6      | Reached skill level 5 in Throwing
  4649 | D:6      | Noticed Pikel
  4714 | D:6      | Reached skill level 6 in Invocations
  4767 | D:6      | Found the +7 Kryia's mail coat {PotionHeal*2 rC+}
  4794 | D:6      | Killed Pikel
  5073 | D:6      | Reached skill level 7 in Invocations
  5336 | D:6      | Found a shimmering blue altar of Sif Muna.
  5608 | D:7      | Noticed EyeSee2020's ghost (novice MiFi)
  5609 | D:7      | Found a transporter.
  5622 | D:7      | Found a transporter.
  5845 | D:7      | Reached XP level 10. HP: 55/55 MP: 16/16
  6030 | Abyss:1  | Cast into level 1 of the Abyss (orc)
  6069 | Abyss:1  | Noticed a large abomination
  6072 | D:7      | Escaped the Abyss
  6227 | D:8      | Reached skill level 8 in Invocations
  6282 | D:8      | Found a bloodstained altar of Trog.
  6313 | D:8      | Found a shadowy altar of Dithmenos.
  6316 | D:8      | Found a burning altar of Makhleb.
  6440 | D:8      | Found a snail-covered altar of Cheibriados.
  6598 | D:8      | Noticed a white ugly thing
  6619 | D:8      | Killed a white ugly thing
  6816 | D:9      | Reached skill level 9 in Invocations
  6818 | D:9      | Reached skill level 5 in Shields
  7067 | D:9      | Noticed Grum
  7076 | D:9      | Killed Grum
  7077 | D:9      | Reached XP level 11. HP: 62/62 MP: 17/19
  7118 | D:9      | Found a glowing silver altar of Zin.
  7131 | D:9      | Found a staircase to the Lair.
  7207 | D:9      | Reached skill level 10 in Invocations
  7297 | D:9      | Noticed a two-headed ogre
  7319 | D:9      | Killed a two-headed ogre
  7385 | D:9      | Found a basalt altar of Yredelemnul.
  7397 | D:9      | Identified the +4 ring mail of Hubris {rF+ Slay+2}
  7437 | D:10     | Entered Level 10 of the Dungeon
  7467 | D:10     | Found a flagged portal.
  7490 | D:10     | Reached skill level 10 in Fighting
  7506 | Bailey   | Entered a bailey
  7608 | Bailey   | Reached skill level 11 in Invocations
  7616 | Bailey   | Noticed an orc warlord
  7688 | Bailey   | Killed an orc warlord
  7880 | Bailey   | Got Qamp's Dissertation on Superposition and Glamour
  7894 | Bailey   | Reached XP level 12. HP: 69/69 MP: 21/21
  7928 | D:10     | Found a radiant altar of Vehumet.
  8007 | D:10     | Reached skill level 5 in Dodging
  8066 | D:10     | Noticed Harold
  8081 | D:10     | Killed Harold
  8121 | D:9      | Reached skill level 5 in Armour
  8167 | D:10     | Found a glowing golden altar of the Shining One.
  8774 | D:11     | Reached skill level 12 in Invocations
  8774 | D:11     | Reached XP level 13. HP: 74/74 MP: 21/23
  8778 | D:11     | Reached skill level 1 in Evocations
  8870 | D:11     | Noticed Erolcha
  8885 | D:11     | Killed Erolcha
  9154 | D:11     | Reached skill level 13 in Invocations
  9374 | Lair:1   | Entered Level 1 of the Lair of Beasts
  9402 | Lair:1   | Gained mutation: You have large cloven feet. [potion of
                  | mutation]
  9402 | Lair:1   | Gained mutation: You are agile. (Dex +4, Str/Int -1)
                  | [potion of mutation]
  9402 | Lair:1   | Gained mutation: You have hoof-like feet. [potion of
                  | mutation]
  9538 | D:9      | Reached ****** piety under Uskayaw
  9752 | Lair:1   | Noticed Dasearox's ghost (journeyman DsFE)
  9763 | Lair:1   | Found a transporter.
  9784 | Lair:1   | Found a transporter.
 10304 | D:7      | Killed EyeSee2020's ghost
 10404 | Lair:2   | Noticed Sonja
 10534 | Lair:1   | Killed Sonja
 10733 | Lair:2   | Found a hole to the Spider Nest.
 10759 | Lair:2   | Reached skill level 5 in Evocations
 10759 | Lair:2   | Reached XP level 14. HP: 81/81 MP: 25/25
 10845 | Lair:2   | Reached skill level 14 in Invocations
 11530 | Lair:3   | Found a dark tunnel.
 11540 | Volcano  | Entered a volcano
 12043 | Lair:3   | Found a staircase to the Shoals.
 12673 | Lair:4   | Found a transporter.
 12719 | Lair:4   | Found a one-way gate to the infinite horrors of the Abyss.
 12719 | Lair:4   | Noticed HilariousDeathArtist's ghost (journeyman DjTm)
 12738 | Lair:4   | Found a transporter.
 12942 | Lair:5   | Entered Level 5 of the Lair of Beasts
 13012 | Lair:5   | Reached skill level 15 in Invocations
 13195 | Lair:5   | Found a staircase to the Slime Pits.
 13199 | Lair:5   | Found a gate leading to a gauntlet.
 13222 | Gauntlet | Entered a Gauntlet
 13222 | Gauntlet | Found a transporter.
 13222 | Gauntlet | Found a transporter.
 13222 | Gauntlet | Found a runed translucent door.
 13222 | Gauntlet | Found a runed translucent door.
 13270 | Gauntlet | Found a runed translucent door.
 13275 | Gauntlet | Found a transporter.
 13287 | Gauntlet | Found the +3 pair of seven-league boots {Rampage+∞}
 13290 | Gauntlet | Found a transporter.
 13305 | Gauntlet | Found a transporter.
 13305 | Gauntlet | Found a transporter.
 13308 | Gauntlet | Found a transporter.
 13308 | Gauntlet | Found a transporter.
 13311 | Gauntlet | Found a transporter.
 13320 | Gauntlet | Found a transporter.
 13336 | Gauntlet | Found a transporter.
 13346 | Gauntlet | Found a transporter.
 13363 | Gauntlet | Found a transporter.
 13380 | Gauntlet | Found a transporter.
 13569 | Gauntlet | Identified the +2 pair of gloves of Vena {+Inv rElec rC-
                  | Str-5}
 13617 | Gauntlet | Reached skill level 10 in Stealth
 13639 | Gauntlet | Identified the +1 robe "Coalear" {Harm rC++ Int-2 Stlth+}
 13926 | Lair:5   | Reached XP level 15. HP: 73/87 MP: 25/27
 13931 | Lair:5   | Reached skill level 16 in Invocations
 14179 | Lair:5   | HP: 1/87 [poisoned by a swamp dragon (poison gas)]
 14180 | Lair:5   | Succumbed to a swamp dragon's poison gas

Illustrated notes

Levels and vault maps discovered:
D:1:      onia_arrival_zoo_common, layout_loops_ring
D:2:      layout_basic, hellmonk_ecumenical_altar_watching_god
D:3:      cheibrodos_pilgrimage, layout_rooms, chequers_serial_rivers_micro_c
D:4:      layout_cave_pools, kennysheep_vampire_church, xom_teletrap_fun,
          minmay_temple_entry_junction, serial_shops, nicolae_shop_hallway_plus,
          uniq_menkaure
D:5:      layout_cave_pools, kennysheep_mini, minmay_divided_ellipse
D:6:      layout_basic, led_sif_pool, minivault_11, uniq_pikel
D:7:      layout_loops_ring, gammafunk_ghost_arena
D:8:      layout_rooms, mainiacjoe_overflow_boulevard, old_standard_altar,
          nicolae_overflow_squiral
D:9:      layout_cross, mainiacjoe_overflow_cross_hatched, zin_scriptorium,
          david_lair_generic, uniq_grum
D:10:     layout_cave_pools, vehumet_crystals, nicolae_tso_swordbearing_angel,
          enter_bailey_6, minivault_1, uniq_harold
D:11:     cheibrodos_grave_circle, layout_irregular_city, serial_column_ruins,
          column_ruins_hut, column_ruins_hut_pillars, column_ruins_open_large,
          column_ruins_columns_straight, column_ruins_open_tiny,
          column_ruins_open_tiny, column_ruins_columns_straight, uniq_erolcha
Temple:   nicolae_temple_bog_church
Lair:1:   layout_roguey, gammafunk_ghost_berserking_beasts
Lair:2:   layout_small_grid, spider_nest_entry_funnel_web, lemuel_fruit_tree,
          uniq_sonja
Lair:3:   layout_gridlike, minmay_shoals_entry_hut,
          nicolae_volcano_entry_lava_flow
Lair:4:   layout_roguey, gammafunk_ghost_abyssal_escape
Lair:5:   guppyfry_lair_end_dragon, layout_cave_pods,
          minmay_slime_entry_pillars, special_room [special_room_mythical_zoo],
          gauntlet_entry_generic, grunt_megastairs_5, serial_bayou_shore_b,
          infiniplex_staircase_pool

Skill      XL: |  1  2  3  4  5  6  7  8  9 10 11 12 13 14 15 |
---------------+----------------------------------------------+-----
Dodging        | 1 4 5 |  5.0
Fighting       | 2 3 4 5 7 9 10 11 12 13 | 13.8
Stealth        | 5 7 10 | 10.0
Short Blades   | 2 3 4 5 6 7 8 |  8.0
Throwing       | 2 3 4 5 |  5.0
Invocations    | 1 2 3 5 7 9 11 12 13 15 16 | 16.3
Shields        | 2 3 5 |  5.0
Armour         | 4 5 |  5.0
Evocations     | 5 |  5.0

Action                   |  1- 3 |  4- 6 |  7- 9 | 10-12 | 13-15 || total
-------------------------+-------+-------+-------+-------+-------++-------
Melee: Dagger            |    94 |   127 |   377 |   498 |   564 ||  1660
       Bite              |    22 |    46 |   133 |   176 |   383 ||   760
       Punch             |       |     2 |     3 |       |       ||     5
       Rapier            |       |       |       |       |   291 ||   291
Throw: Dart              |     2 |     3 |     9 |     9 |     3 ||    26
       Throwing net      |     2 |       |       |       |       ||     2
       Javelin           |       |     2 |     1 |     3 |       ||     6
       Boomerang         |       |       |     6 |    11 |       ||    17
Invok: Grand Finale      |       |       |       |       |     3 ||     3
       Stomp             |       |       |       |       |     7 ||     7
Evoke: Phantom mirror    |       |       |       |     1 |       ||     1
       Wand              |       |       |       |       |     1 ||     1
  Use: Scroll            |       |     7 |     8 |     3 |    12 ||    30
       Potion            |       |       |       |     1 |     9 ||    10
 Stab: Sleeping          |     7 |     6 |     9 |     3 |    14 ||    39
       Held in net/web   |     1 |       |       |       |       ||     1
       Paralysed         |       |       |    13 |    24 |    52 ||    89
       Distracted        |       |       |       |     2 |     1 ||     3
Armor: Leather armour    |     9 |    22 |   128 |       |       ||   159
       Ring mail         |    19 |    17 |       |   139 |   524 ||   699
       Scale mail        |       |       |    57 |   140 |    16 ||   213
Dodge: Dodged            |    40 |    39 |   178 |   213 |   570 ||  1040
Block: Buckler           |       |       |    58 |   121 |   274 ||   453

Table legend: (Time is in decaauts)
 A = Elapsed time spent in this place.
 B = Non-inter-level travel time spent in this place.
 C = Inter-level travel time spent in this place.
 D = Time resting spent in this place.
 E = Time spent auto-exploring this place.
 F = Levels seen in this place.
 G = Mean time per level.
                   A        B        C        D        E       F      G
               +--------+--------+--------+--------+--------+-----+--------+
         Total |  13645 |  12921 |    724 |    436 |   8230 |  21 |  649.8 |
       Dungeon |   8857 |   8271 |    586 |    277 |   5608 |  11 |  805.2 |
        Temple |     17 |     17 |      0 |      0 |      0 |   1 |   17.0 |
          Lair |   3655 |   3518 |    137 |     81 |   2343 |   5 |  731.0 |
         Abyss |     41 |     41 |      0 |      0 |      0 |   1 |   41.0 |
        Bailey |    363 |    363 |      0 |      0 |    127 |   1 |  363.0 |
       Volcano |    195 |    195 |      0 |      0 |     60 |   1 |  195.0 |
      Gauntlet |    515 |    515 |      0 |     78 |     91 |   1 |  515.0 |
               +--------+--------+--------+--------+--------+-----+--------+

Top non-repeatable levels by time:
     D:2: 1520 daAuts
  Lair:1: 915 daAuts
     D:5: 824 daAuts
     D:7: 818 daAuts
     D:8: 814 daAuts
     D:4: 813 daAuts
  Lair:2: 796 daAuts
  Lair:3: 782 daAuts
    D:11: 749 daAuts
     D:1: 728 daAuts
     D:6: 695 daAuts
     D:3: 683 daAuts
    D:10: 640 daAuts
  Lair:5: 621 daAuts
     D:9: 569 daAuts
